 Dungeon Crawl Stone Soup version 0.29.0-4-gdea44cf6ec (webtiles) character file.

Game seed: 2371461753735529995

51 qw the Chopper (level 3, -1/21 HPs)
             Began as a Tengu Warper on Aug 28, 2022.
             Succumbed to Sigmund's poison
             ... on level 3 of the Dungeon.
             The game lasted 00:00:17 (2123 turns).

qw the Chopper (Tengu Warper)                       Turns: 2123, Time: 00:00:18

Health: -1/21      AC:  7    Str: 13    XL:     3   Next: 83%
Magic:  7/7        EV:  9    Int: 13    God:
Gold:   115        SH:  0    Dex: 13    Spells: 6/6 levels left

rFire   . . .      SeeInvis .   Y - +0 hand axe
rCold   . . .      Faith    .   (no shield)
rNeg    . . .      Spirit   .   m - +0 scale mail
rPois   .          Reflect  .   (helmet restricted)
rElec   .          Harm     .   (no cloak)
rCorr   .          Rampage  .   g - +0 pair of gloves
Will    .....                   (boots unavailable)
Stlth   ..........              (no amulet)
HPRegen 0.07/turn               (no ring)
MPRegen 0.10/turn               (no ring)

@: lethally poisoned (-1 -> -20), about to teleport, flying (expiring)
A: beak, talons 3
a: no special abilities


You were on level 3 of the Dungeon.
You visited 1 branch of the dungeon, and saw 3 of its levels.

You collected 115 gold pieces.


Innate Abilities, Weirdness & Mutations

You have a beak for a mouth.
You have claws for feet.


   Skills:
 - Level 2.0 Fighting
 + Level 4.4 Axes
 - Level 1.0 Throwing
 - Level 1.1 Armour
 - Level 2.1 Dodging
 - Level 2.0 Spellcasting
 - Level 2.4 Translocations


You had 6 spell levels left.
You didn't know any spells.
Your spell library contained the following spells:

 Spells                   Type           Power      Damage    Failure   Level
 Blink                    Tloc           14%        N/A       56%         2
 Gell's Gravitas          Tloc           7%         N/A       80%         3
 Lesser Beckoning         Tloc           7%         N/A       80%         3
 Teleport Other           Tloc           7%         N/A       80%         3
 Manifold Assault         Tloc           7%         N/A       100%        5

Inventory:

Hand Weapons
 c - a +0 mace of protection
 Y - a +0 hand axe (weapon)
Missiles
 j - 5 boomerangs (quivered)
Armour
 g - a +0 pair of gloves (worn)
 m - a +0 scale mail (worn)
Scrolls
 b - a scroll of identify
 h - 4 scrolls of teleportation
Potions
 d - a potion of haste {unknown}
 i - a potion of berserk rage {unknown}
 n - a potion of curing {unknown}

Dungeon Overview and Level Annotations

Branches:
Dungeon (3/15)

Altars:

Annotations:
D:3 Sigmund


Message History

You fly up into the air.
Done exploring.
2094 ||| DROPPING potion of flight.
You drop a potion of flight.
Done exploring.
(D) Dungeon
Where to? (* - list waypoints, Enter - D:2, ? - help)
What level of the Dungeon? (default 1, ? - help)
There is a stone staircase leading down here.
You are starting to lose your buoyancy.
You fly downwards.
Sigmund shouts!
You hear a shout!
You hear an angry hiss.
Found a pink potion.
Found an escape hatch in the ceiling.
There is a stone staircase leading up here.
There are monsters nearby!
Existing waypoints: (1) D:2 (2) D:1 Assign waypoint to what number? (0-9, D - delete waypoint) Waypoint 2 re-assigned from D:1 to D:3.
Enter note: Sigmund hits you from afar with a +0 scythe of venom.
You are poisoned.
A goblin comes into view. It is wielding a +0 dagger of speed.
You feel sick.
There is an escape hatch in the ceiling here.
You hit Sigmund.
Sigmund is lightly wounded.
You feel sick. Sigmund asks, "Do you like me?"
Sigmund hits you with a +0 scythe of venom.
The goblin shouts!
You hit Sigmund. Your kick misses Sigmund. You peck Sigmund.
Sigmund is lightly wounded.
You feel sick.
You hear an angry hiss.
Sigmund hits you with a +0 scythe of venom!
You are more poisoned.
2123 ||| READING 5 scrolls of teleportation.
As you read the scroll of teleportation, it crumbles to dust.
You feel strangely unstable.
You die...

.. ## .# .##.
.# ... ##.## ##
#..#....#
....#.......#
............#
.....##<....##.
...!...........
.......@.......
....r..#@...###
....#g# ....#
....#. ....#
#.# #. ##### #.
g. #


You could see Sigmund, a goblin and a rat.

Vanquished Creatures
  An adder (D:2)
  2 worms (D:2)
  4 bats
  4 endoplasms
  3 giant cockroaches
  A goblin (D:2)
  3 hobgoblins
  A quokka (D:2)
  3 ball pythons
  3 frilled lizards
  7 kobolds
  5 rats
37 creatures vanquished.

Notes
Turn   | Place    | Note
-------+----------+-------------------------------------------
     0 | D:1      | qw the Tengu Warper began the quest for the Orb.
     0 | D:1      | Reached XP level 1. HP: 12/12 MP: 4/4
     0 | D:1      | 0 ||| qw: Version: 0.1-a-89-g26bdef1
     0 | D:1      | 0 ||| qw: Game counter: 3173
     0 | D:1      | 0 ||| qw: Always use a shield: true
     0 | D:1      | 0 ||| qw: God list: Okawaru
     0 | D:1      | 0 ||| qw: Allow faded altars: false
     0 | D:1      | 0 ||| qw: Do Orc after D:15 true
     0 | D:1      | 0 ||| qw: Do second Lair branch before Depths: true
     0 | D:1      | 0 ||| qw: Lair rune preference: random
     0 | D:1      | 0 ||| qw: Plans: Normal
     0 | D:1      | 0 ||| PLANNING D:1-11
   368 | D:1      | 368 ||| Stepping ~*~*~tactically~*~*~ (stealth).
   449 | D:1      | 449 ||| Stepping ~*~*~tactically~*~*~ (stealth).
   463 | D:1      | Reached XP level 2. HP: 17/17 MP: 6/6
   468 | D:1      | Reached skill level 3 in Axes
  1068 | D:1      | 1068 ||| UPGRADING to +0 ring mail.
  1078 | D:1      | 1078 ||| DROPPING +0 leather armour.
  1079 | D:1      | 1079 ||| UPGRADING to +0 pair of gloves.
  1084 | D:1      | 1084 ||| READING scroll labelled IGUETHORGH.
  1085 | D:1      | 1085 ||| READING 4 scrolls labelled BITIME JUCOQA.
  1090 | D:1      | 1090 ||| READING scroll labelled GONUUL WIDGH.
  1091 | D:1      | 1091 ||| DROPPING scroll of blinking.
  1191 | D:2      | 1191 ||| DROPPING +0 club.
  1197 | D:2      | Identified the +1 leather armour of Trumpets {Regen+ rCorr}
  1294 | D:2      | 1294 ||| Stepping ~*~*~tactically~*~*~ (stealth).
  1321 | D:2      | Reached XP level 3. HP: 20/21 MP: 7/7
  1404 | D:2      | 1404 ||| Stepping ~*~*~tactically~*~*~ (stealth).
  1406 | D:2      | 1406 ||| Stepping ~*~*~tactically~*~*~ (stealth).
  1418 | D:2      | 1418 ||| Stepping ~*~*~tactically~*~*~ (stealth).
  1456 | D:2      | 1456 ||| Stepping ~*~*~tactically~*~*~ (stealth).
  1459 | D:2      | 1459 ||| Stepping ~*~*~tactically~*~*~ (stealth).
  1517 | D:2      | 1517 ||| Stepping ~*~*~tactically~*~*~ (stealth).
  1537 | D:2      | Reached skill level 4 in Axes
  1938 | D:2      | 1938 ||| Stepping ~*~*~tactically~*~*~ (stealth).
  1954 | D:2      | 1954 ||| DROPPING +1 leather armour of Trumpets {Regen+
                  | rCorr}.
  1955 | D:2      | 1955 ||| UPGRADING to +0 scale mail.
  1965 | D:2      | 1965 ||| DROPPING +0 ring mail.
  1966 | D:2      | 1966 ||| READING scroll labelled PIEDYD LOATALL.
  1967 | D:2      | 1967 ||| READING scroll labelled WIQEWA QOPHAPT.
  2093 | D:2      | 2093 ||| DRINKING 2 inky potions.
  2094 | D:2      | 2094 ||| DROPPING potion of flight.
  2118 | D:3      | Noticed Sigmund
  2122 | D:3      | HP: 3/21 [Sigmund/+0 scythe of venom (7)]
  2123 | D:3      | 2123 ||| READING 5 scrolls of teleportation.
  2123 | D:3      | Succumbed to Sigmund's poison

Levels and vault maps discovered:
D:1:      lightli_arrival_boilingwater, layout_loops_ring
D:2:      layout_basic, minmay_pentomino_z2
D:3:      layout_rooms, zin_statuary, makhleb_altar_promises_db,
          serial_corexii_hall, corexii_hall_statues_deadend,
          corexii_hall_statues_i, minmay_vboxes, uniq_sigmund, uniq_natasha,
          uniq_terence

Skill      XL: |  1  2  3 |
---------------+----------+-----
Axes           | 3 4 |  4.4
Fighting       | |  2.0
Throwing       | |  1.0
Armour         | |  1.1
Dodging        | |  2.1
Spellcasting   | |  2.0
Translocations | |  2.4

Action                   || total
-------------------------++-------
Melee: Hand axe          ||    67
       Peck              ||    12
       Kick              ||    10
Throw: Boomerang         ||    60
  Use: Scroll            ||     6
       Potion            ||     1
Armor: Leather armour    ||    14
       Ring mail         ||     4
Dodge: Dodged            ||    37

Table legend:
 A = Non-vault XP
 B = Vault XP
 C = Vault XP percentage of total XP
 D = Non-vault monster count
 E = Vault monster count
 F = Vault count percentage of total count
                 A         B        C        D         E       F
            +---------+---------+-------+---------+---------+-------
      Total |      72 |       2 |   2.7 |      36 |       1 |   2.7
            +---------+---------+-------+---------+---------+-------
        D:1 |      25 |       0 |   0.0 |      17 |       0 |   0.0
        D:2 |      47 |       2 |   4.1 |      19 |       1 |   5.0
            +---------+---------+-------+---------+---------+-------
